 Dungeon Crawl Stone Soup version 0.29-a0-870-g2c972031a6 (webtiles) character file.

Game seed: 16830998865850795649

3 Bane the Trooper (level 1, 18/18 HPs)
             Began as a Formicid Monk on July 17, 2022.
             Was a Believer of Kikubaaqudgha.
             Quit the game on level 1 of the Dungeon.
             The game lasted 00:01:11 (53 turns).

Bane the Trooper (Formicid Monk)                      Turns: 53, Time: 00:01:11

Health: 18/18      AC:  2    Str: 15    XL:     1   Next: 55%
Magic:  1/1        EV: 13    Int:  9    God:    Kikubaaqudgha [**....]
Gold:   0          SH:  0    Dex: 16    Spells: 0/0 levels left

rFire   . . .      SeeInvis +   a - +0 falchion
rCold   . . .      Faith    .   (no shield)
rNeg    . . .      Spirit   .   b - +0 robe
rPois   .          Reflect  .   (helmet unavailable)
rElec   .          Harm     .   (no cloak)
rCorr   .          Rampage  .   (no gloves)
Will    .....                   (no boots)
Stlth   ++........              (no amulet)
HPRegen 0.06/turn               (no ring)
MPRegen 0.07/turn               (no ring)

@: no status effects
A: permanent stasis, dig shafts and tunnels, antennae 3, four strong arms
a: Dig, Shaft Self, Renounce Religion, Unearth Wretches


You were on level 1 of the Dungeon.
You worshipped Kikubaaqudgha.
Kikubaaqudgha was pleased with you.
You visited 1 branch of the dungeon, and saw 1 of its levels.

Inventory:

Hand Weapons
 a - a +0 falchion (weapon)
Armour
 b - a +0 robe (worn)
Potions
 c - a potion of ambrosia


   Skills:
 * Level 3.3 Fighting
 * Level 3.1 Long Blades
 + Level 2.7 Dodging
 + Level 2.4 Stealth


You couldn't memorise any spells.
You didn't know any spells.
Your spell library contained the following spells:

 Spells                   Type           Power      Damage    Failure   Level
 Magic Dart               Conj           0%         1d3       38%         1
 Necrotise                Necr           0%         1d4       38%         1
 Call Imp                 Summ           0%         N/A       52%         2
 Sublimation of Blood     Necr           0%         N/A       52%         2
 Mephitic Cloud           Conj/Pois/Air  0%         N/A       77%         3
 Vampiric Draining        Necr           0%         2d6       77%         3
 Animate Dead             Necr           0%         N/A       99%         4


Dungeon Overview and Level Annotations

Branches:
Dungeon (1/15)

Altars:
Kikubaaqudgha


Innate Abilities, Weirdness & Mutations

You cannot be hasted, slowed, berserked, paralysed or teleported.
You can dig through walls and to a lower floor.
You have a pair of large antennae on your head. (SInv)
Your four strong arms can wield two-handed weapons with a shield.


Message History

A kobold and an endoplasm come into view.
Found 5 stones.
The helpless kobold fails to defend itself.
You hit the kobold.
You kill the kobold!
You see here a +0 dagger.
An endoplasm comes into view.
The endoplasm quivers.
You see here a book of Minor Magic.
You slash the endoplasm!
You kill the endoplasm!
An endoplasm is nearby!
You see here 5 stones.
The helpless endoplasm fails to defend itself.
You hit the endoplasm.
The endoplasm is severely wounded.
The endoplasm hits you.
You slash the endoplasm!
You kill the endoplasm!
No target in view!
HP restored.
You see here 5 stones.
You pick up a book of Minor Magic and begin reading...
You add the spells Magic Dart, Call Imp and Mephitic Cloud to your library.
Found a faded altar of an unknown god.
There is a faded altar of an unknown god here.
You cannot tell which god this altar belongs to.
Convert to them anyway?
Kikubaaqudgha accepts your prayer! Kikubaaqudgha welcomes you!
You can now bring forth the wretched and dying.
Kikubaaqudgha grants you a gift!
You add the spells Necrotise, Sublimation of Blood, Vampiric Draining and Animate Dead to your library.
Kikubaaqudgha is now protecting you from necromantic miscasts and death curses.
Press: ? - help, v - describe, . - travel An ancient bone altar of Kikubaaqudgha.
Unknown command.
Press < or > to pray at altars.
Unknown command.
Press < or > to pray at altars.
Are you sure you want to abandon this character and quit the game? (Confirm with "yes".)

###.# .... { #.. #..##
#...###
#.....#♣#♣#♣##..#
.##..#.#....@....... .
....#..##♣#♣#♣#..## #.
#..##.# ### ##
#.##..##.####.## ..
##......#.##.... ..
#..........#.#.# .#
.......###.#.#.###..#.##
. ###..........(........
.. #..###.#.#.##...#.##


There were no monsters in sight!

Vanquished Creatures
  2 endoplasms (D:1)
  A kobold (D:1)
3 creatures vanquished.

Notes
Turn   | Place    | Note
-------+----------+-------------------------------------------
     0 | D:1      | Bane the Formicid Monk began the quest for the Orb.
     0 | D:1      | Reached XP level 1. HP: 18/18 MP: 1/1
    45 | D:1      | Found a faded altar of an unknown god.
    52 | D:1      | Prayed at the altar of an unknown god.
    52 | D:1      | Became a worshipper of Kikubaaqudgha
    52 | D:1      | Reached * piety under Kikubaaqudgha
    52 | D:1      | Received a gift from Kikubaaqudgha
    52 | D:1      | Reached ** piety under Kikubaaqudgha
    53 | D:1      | Quit the game

Illustrated notes

Levels and vault maps discovered:
D:1:      eino_arrival_tree_alley, layout_basic, ebering_ecumenical_altar_hall,
          roderic_filled_cross, hangedman_decor_peaks_small, minmay_tetromino_l2

Action                   || total
-------------------------++-------
Melee: Falchion          ||     4
 Stab: Sleeping          ||     2

Table legend: (Time is in decaauts)
 A = Elapsed time spent in this place.
 B = Non-inter-level travel time spent in this place.
 C = Inter-level travel time spent in this place.
 D = Time resting spent in this place.
 E = Time spent auto-exploring this place.
 F = Levels seen in this place.
 G = Mean time per level.
                   A        B        C        D        E       F      G
               +--------+--------+--------+--------+--------+-----+--------+
         Total |     53 |     53 |      0 |      0 |     24 |   1 |   53.0 |
       Dungeon |     53 |     53 |      0 |      0 |     24 |   1 |   53.0 |
               +--------+--------+--------+--------+--------+-----+--------+

Top non-repeatable levels by time:
     D:1: 53 daAuts
